 Dungeon Crawl Stone Soup version 0.14-a0-1761-gdbd231b (webtiles) character file.

565 Herrn the Skirmisher (level 6, 0/56 HPs)
             Began as a Minotaur Fighter on Jan 4, 2014.
             Killed by divine providence
             ... invoked by an orc priest
              (11 damage)
             ... on Level 4 of the Dungeon.
             The game lasted 00:16:00 (2890 turns).

Herrn the Skirmisher (Minotaur Fighter)             Turns: 2890, Time: 00:16:01

HP   0/56        AC 11     Str 22      XL: 6   Next: 92%
MP   3/3         EV  8     Int  5      God:
Gold 72          SH 20     Dex 10      Spells:  0 memorised,  5 levels left

rFire  + . .     SeeInvis .     k - +0,-1 long sword (curse)
rCold  . . .     Clarity  .     h - +3 ring mail {rF+} (curse)
rNeg   . . .     Conserve .     c - +0 shield
rPois  .         rCorr    .     (helmet restricted)
rElec  .         rRot     .     i - +0 cloak
SustAb . .       Spirit   .     g - +0 pair of gloves
rMut   .         Warding  .     (no boots)
Saprov . . .     Stasis   .     (no amulet)
                                (no ring)
                                (no ring)

@: slightly resistant to hostile enchantments, extremely unstealthy
A: retaliatory headbutt, horns 2
a: no special abilities


You were on level 4 of the Dungeon.
You were very hungry.

You visited 1 branch of the dungeon, and saw 4 of its levels.

You collected 72 gold pieces.

Inventory:

Hand weapons
 k - a cursed +0,-1 long sword (weapon)
 w - a +2,+0 orcish falchion
Armour
 c - a +0 shield (worn)
 g - a +0 pair of gloves (worn)
 h - a cursed +3 ring mail of fire resistance (worn)
 i - a +0 cloak (worn)
Magical devices
 m - a wand of slowing (6) {unknown}
Comestibles
 a - a chunk of rat flesh
 d - 3 bread rations
 f - an apple
 n - a meat ration
 v - a rotting chunk of gnoll flesh
 x - a rotting chunk of adder flesh
Potions
 b - 2 potions of flight {unknown}
 e - a potion of curing {unknown}
 p - a potion of heal wounds {unknown}
 t - 3 potions of resistance {unknown}
 u - a potion of degeneration {unknown}


   Skills:
 * Level 5.5 Fighting
 * Level 4.5 Long Blades
 + Level 4.6 Armour
 + Level 3.6 Dodging
 + Level 0.3 Stealth
 + Level 5.2 Shields


You had 5 spell levels left.
You didn't know any spells.

Dungeon Overview and Level Annotations

Branches:
Dungeon (4/16)
 Temple: D:4-7

Altars:


Innate Abilities, Weirdness & Mutations

You reflexively headbutt those who attack you in melee.
You have a pair of horns on your head.


Message History

The orc warrior is heavily wounded.
You block the orc warrior's attack.
You hit the orc warrior.
The orc warrior is severely wounded.
The orc warrior hits you with a runed orcish short sword!
* * * LOW HITPOINT WARNING * * *
You closely miss the orc warrior.
The orc warrior is heavily wounded.
You block the orc warrior's attack.
The worker ant waves its antennae.
You hit the orc warrior.
The orc warrior is severely wounded.
The orc warrior closely misses you. You block the orc warrior's attack.
You hit the orc warrior.
The orc warrior is severely wounded.
The orc warrior hits you with a runed orcish short sword!
* * * LOW HITPOINT WARNING * * *
The orc priest mumbles some strange prayers to Beogh against you.
Something smites you!
You die...

.#.#O. .. #######.## ...o. .#
######......... #.#o##.#
####......#####.##
.####......#.#........## #...
#.a..a!.......#.##....<# #...
#...# #.##.....# ####
#...#####.##.#...#########
#...o.ao..##.....##.......
####...#####@.....####.......
.)........o...##...####.......
..............................
...............###.#####.......
####..........##.## ########
#....#.######.# #....#.# #.# ♣♣
#....#.# ### #####♣♣♣♣♣♣
######....#.# #)..#♣♣♣♣♣♣


You could see an orc warrior, a worker ant, an orc priest and an orc.

Vanquished Creatures
  A jelly (D:4)
  Crazy Yiuf (D:4)
  2 orc priests (D:3)
  A scorpion (D:3)
  An orc wizard (D:3)
  3 worker ants
  Jessica (D:3)
  8 gnolls
  7 adders
  3 worms
  A giant gecko (D:3)
  An ooze (D:1)
  5 orcs (D:3)
  2 ball pythons
  9 goblins
  6 hobgoblins
  4 jackals (D:3)
  12 kobolds
  2 quokkas
  8 bats
  6 giant cockroaches
  3 giant newts
  10 rats
97 creatures vanquished.

Notes
Turn   | Place    | Note
--------------------------------------------------------------
     0 | D:1      | Herrn, the Minotaur Fighter, began the quest for the Orb.
     0 | D:1      | Reached XP level 1. HP: 19/19 MP: 1/1
   183 | D:1      | Reached XP level 2. HP: 27/27 MP: 1/1
   269 | D:1      | Reached skill level 4 in Fighting
   464 | D:1      | Reached XP level 3. HP: 31/34 MP: 2/2
   980 | D:2      | Reached XP level 4. HP: 41/41 MP: 2/2
   990 | D:2      | Reached skill level 1 in Dodging
  1239 | D:2      | Reached XP level 5. HP: 47/47 MP: 2/2
  1592 | D:3      | Reached skill level 5 in Fighting
  1768 | D:3      | Noticed Jessica
  1784 | D:3      | Reached skill level 5 in Shields
  1808 | D:3      | Killed Jessica
  1808 | D:3      | Reached XP level 6. HP: 21/56 MP: 3/3
  2800 | D:4      | Noticed Crazy Yiuf
  2806 | D:4      | Killed Crazy Yiuf
  2890 | D:4      | Killed from afar by an orc priest

Action                   |  1- 3 |  4- 6 || total
-------------------------+-------+-------++-------
Melee: Falchion          |    76 |    60 ||   136
       Long sword        |     3 |   120 ||   123
  Use: Potion            |       |     1 ||     1
       Scroll            |       |     8 ||     8
